AoeStats
← Shredded_Pork

Black Forest

506654568Analyzed
4v4 RM · 18d ago on Sep 14, 2026· 62m 19s· 8 players
Game mode
Random Map
Map size
Large (8 player)
Population
200
Speed
Normal
Resources
Standard
Victory
Conquest
Starting age
Dark Age
Ending age
Imperial Age
RankedLock teamsTeams togetherTeam positionsShared explorationLock speedFull tech treeHidden civsTurbo modeCheats
Victory
Defeat
783
+14
🇵🇪 Turks · Peru
783
+14
🇨🇳 Goths · China
712
+17
🇫🇷 Britons · France
663
+19
🇩🇪 Turks · Germany
811
-19
🇺🇸 Bohemians · United States
725
-16
🇹🇷 Vietnamese · Türkiye
701
-15
🇫🇷 Mongols · France
690
-14
UzX NeO
0:28 Loom
12:58 Feudal Age
14:17 Wheelbarrow
13:28 Town Watch
13:25 Horse Collar
13:34 Double-Bit Axe
16:53 Gold Mining
26:33 Castle Age
24:53 Stone Mining
27:29 Hand Cart
27:27 Bow Saw
27:21 Heavy Plow
28:04 Gold Shaft Mining
28:51 Stone Shaft Mining
29:10 Bloodlines
30:26 Forging
30:22 Scale Barding Armor
30:21 Husbandry
30:34 Bloodlines
32:22 Iron Casting
32:58 Chain Barding Armor
33:36 Elite Skirmisher
34:22 Thumb Ring
34:10 Fletching
34:20 Padded Archer Armor
35:03 Bodkin Arrow
36:34 Leather Archer Armor
38:01 Nomads
41:39 Imperial Age
42:13 Ballistics
41:46 Elite Steppe Lancer
43:30 Blast Furnace
46:04 Crossbowman
48:31 Imperial Skirmisher
51:14 Parthian Tactics
50:54 Bracer
iKalakamalaka
16:00 Feudal Age
18:07 Wheelbarrow
17:19 Town Watch
17:19 Loom
18:51 Horse Collar
18:59 Double-Bit Axe
19:32 Forging
19:23 Scale Mail Armor
20:18 Fletching
23:25 Castle Age
21:18 Loom
24:57 Arson
25:12 Squires
24:33 Pikeman
25:22 Husbandry
26:30 Fervor
28:29 Iron Casting
28:10 Chain Mail Armor
29:52 Bodkin Arrow
30:06 Heavy Plow
30:20 Bow Saw
36:44 Hand Cart
37:21 Treadmill Crane
47:05 Imperial Age
48:15 Chemistry
47:42 Ballistics
51:13 Imperial Age
51:02 Masonry
52:42 Town Patrol
54:46 Halberdier
56:58 Conscription
55:59 Elite Hussite Wagon
erhan.kamci
1:50 Loom
14:02 Feudal Age
18:51 Castle Age
16:45 Double-Bit Axe
16:44 Horse Collar
23:13 Bow Saw
29:00 Heavy Plow
30:58 Fervor
31:03 Treadmill Crane
31:19 Murder Holes
31:37 Fortified Wall
31:24 Town Watch
32:16 Wheelbarrow
31:47 Stone Mining
31:48 Gold Mining
36:26 Imperial Age
34:01 Town Patrol
34:17 Hand Cart
34:09 Padded Archer Armor
34:01 Fletching
34:23 Forging
36:04 Gold Shaft Mining
36:03 Caravan
36:34 Coinage
36:19 Bloodlines
36:10 Husbandry
35:57 Arson
36:13 Squires
37:27 Ballistics
37:18 Masonry
37:18 Scale Barding Armor
37:28 Leather Archer Armor
37:44 Conscription
36:45 Elite Janissary
37:27 Artillery
36:54 Heavy Camel Rider
38:31 Hoardings
39:15 Chain Barding Armor
39:31 Iron Casting
41:38 Plate Barding Armor
41:59 Man-at-Arms
gunessoley
12:16 Feudal Age
15:13 Horse Collar
15:23 Double-Bit Axe
16:37 Gold Mining
17:09 Stone Mining
19:21 Wheelbarrow
24:50 Castle Age
27:24 Bow Saw
27:17 Heavy Plow
28:15 Stone Shaft Mining
29:42 Hand Cart
31:35 Ballistics
30:49 Crossbowman
32:38 Padded Archer Armor
32:39 Fletching
35:03 Thumb Ring
37:47 Chatras
38:52 Caravan
44:46 Imperial Age
46:44 Chemistry
46:47 Paper Money
48:16 Arbalester
benjiwoo
6:40 Loom
9:25 Feudal Age
10:34 Double-Bit Axe
10:33 Horse Collar
18:56 Castle Age
17:32 Gold Mining
20:29 Bow Saw
20:22 Heavy Plow
19:46 Crossbowman
22:05 Gold Shaft Mining
22:51 Stone Mining
26:51 Wheelbarrow
26:06 Town Watch
26:50 Pikeman
34:06 Imperial Age
33:03 Hand Cart
33:10 Town Patrol
33:45 Squires
35:15 Scale Mail Armor
35:37 Conscription
35:26 Halberdier
37:39 Yeomen
37:48 Padded Archer Armor
37:38 Fletching
37:29 Elite Longbowman
38:02 Light Cavalry
40:26 Warwolf
41:07 Leather Archer Armor
40:47 Bodkin Arrow
41:10 Chain Mail Armor
45:23 Fervor
46:20 Ballistics
45:41 Treadmill Crane
47:03 Chemistry
46:16 Masonry
46:02 Murder Holes
48:44 Architecture
48:20 Siege Engineers
48:26 Fortified Wall
47:43 Capped Ram
50:03 Ring Archer Armor
49:33 Bracer
55:34 Hoardings
55:32 Plate Mail Armor
55:12 Forging
55:18 Forging
60:38 Spies/Treason
ZzzzzzCamilaVuelvePorfavor
10:26 Feudal Age
10:55 Double-Bit Axe
10:53 Horse Collar
12:52 Loom
17:42 Wheelbarrow
21:01 Castle Age
19:07 Stone Mining
22:03 Hand Cart
22:44 Bloodlines
25:03 Padded Archer Armor
25:27 Bow Saw
26:07 Heavy Plow
28:15 Leather Archer Armor
37:00 Imperial Age
35:01 Gold Mining
39:02 Ring Archer Armor
39:41 Two-Man Saw
39:21 Caravan
41:05 Chemistry
42:26 Elite Conquistador
46:03 Conscription
47:36 Inquisition
47:53 Town Watch
50:14 Husbandry
50:11 Fletching
62:01 Capped Ram
akarisialo
0:36 Loom
14:43 Feudal Age
16:11 Double-Bit Axe
23:45 Castle Age
27:03 Horse Collar
28:01 Bow Saw
30:15 Gold Mining
35:08 Imperial Age
33:15 Scale Barding Armor
35:53 Wheelbarrow
38:01 Ballistics
38:07 Heavy Plow
40:23 Sipahi
40:24 Heavy Cavalry Archer
41:30 Conscription
41:21 Caravan
42:16 Gold Shaft Mining
43:15 Parthian Tactics
43:30 Chain Barding Armor
43:21 Forging
43:12 Padded Archer Armor
46:25 Plate Barding Armor
46:26 Iron Casting
47:27 Two-Man Saw
47:20 Stone Mining
47:58 Artillery
52:39 Blast Furnace
53:11 Fletching
53:37 Leather Archer Armor
54:21 Hand Cart
60:07 Spies/Treason
Shredded_Pork
11:34 Feudal Age
12:18 Double-Bit Axe
12:14 Horse Collar
20:48 Castle Age
19:07 Stone Mining
19:07 Gold Mining
22:14 Bow Saw
22:08 Heavy Plow
22:01 Gold Mining
27:30 Stone Shaft Mining
32:57 Imperial Age
32:02 Wheelbarrow
33:00 Forging
32:51 Scale Mail Armor
32:43 Fletching
33:01 Anarchy
33:05 Squires
33:33 Ballistics
34:11 Conscription
33:52 Perfusion
35:00 Chemistry
34:37 Iron Casting
35:11 Chain Mail Armor
38:52 Blast Furnace
39:13 Pikeman
39:50 Halberdier
53:08 Elite Huskarl
61:48 Spies/Treason
Connection lost

Rejoining the realm…

Still unreachable

The connection could not be restored.

Session expired

The server has moved on; the page needs a fresh start.